 Dungeon Crawl Stone Soup version 0.28-a0-1382-g92835e5c71 (webtiles) character file.

Game seed: 1932413720120468283

252 Cheeritup the Skirmisher (level 6, -2/57 HPs)
             Began as a Hill Orc Fighter on Jan 1, 2022.
             Was an Initiate of Okawaru.
             Slain by an ogre (16 damage)
             ... on level 4 of the Dungeon.
             The game lasted 00:09:11 (3355 turns).

Cheeritup the Skirmisher (Hill Orc Fighter)         Turns: 3355, Time: 00:09:12

Health: -2/57      AC:  8    Str: 19    XL:     6   Next: 13%
Magic:  6/6        EV:  9    Int:  8    God:    Okawaru [......]
Gold:   143        SH:  5    Dex: 12    Spells: 5/5 levels left

rFire   . . .      SeeInvis .   j - +2 mace (holy)
rCold   . . .      Faith    .   c - +0 buckler
rNeg    . . .      Spirit   .   b - +0 scale mail
rPois   .          Reflect  .   (no helmet)
rElec   .          Harm     .   (no cloak)
rCorr   .          Rampage  .   h - +0 pair of gloves
Will    .....                   (no boots)
Stlth   ..........              (no amulet)
HPRegen 0.19/turn               (no ring)
MPRegen 0.10/turn               (no ring)

@: no status effects
A: no striking features
a: Renounce Religion


You were on level 4 of the Dungeon.
You worshipped Okawaru.
Okawaru was noncommittal.
You visited 1 branch of the dungeon, and saw 4 of its levels.

You collected 143 gold pieces.

Inventory:

Hand Weapons
 a - a +0 war axe
 j - a +2 mace of holy wrath (weapon)
Armour
 b - a +0 scale mail (worn)
 c - a +0 buckler (worn)
 h - a +0 pair of gloves (worn)
Scrolls
 l - a scroll of teleportation
Potions
 d - a potion of might
 e - a potion of brilliance
 f - a potion of flight
 g - a potion of curing
 i - a potion of mutation {unknown}
 k - a potion of invisibility {unknown}


   Skills:
 * Level 6.2 Fighting
 + Level 4.8 Axes
 + Level 3.8 Armour
 - Level 4.0 Shields


You had 5 spell levels left.
You didn't know any spells.
Your spell library contained the following spells:

 Spells                   Type           Power      Damage    Failure   Level
 Ozocubu's Armour         Ice            0%         N/A       98%         3
 Metabolic Englaciation   Hex/Ice        0%         N/A       100%        5
 Simulacrum               Ice/Necr       Unusable   N/A       N/A         6

Dungeon Overview and Level Annotations

Branches:
Dungeon (4/15)
 Temple: D:4-7

Altars:
Okawaru
Ru
Xom

Shops:
D:2 =


Message History

The scorpion is heavily wounded.
You feel sick.
You are no longer poisoned.
The scorpion barely misses you. x2
You hit the scorpion.
The scorpion is heavily wounded.
You block the scorpion's attack.
You hit the scorpion.
The scorpion is almost dead.
The scorpion closely misses you. The scorpion barely misses you.
You hit the scorpion.
The scorpion is almost dead.
You block the scorpion's attack.
You hit the scorpion.
You kill the scorpion!
Okawaru is honoured by your kill.
Your Fighting skill increases to level 6!
You have reached level 6!
You start resting.
HP restored.
An ogre comes into view. It is wielding a +0 giant club.
Found a bubbling yellow potion.
Found a stone staircase leading down.
The ogre moves out of view.
An ogre is nearby!
You barely miss the ogre. You block the ogre's attack.
You thump the ogre!
The ogre is moderately wounded.
The ogre hits you with a +0 giant club!
You barely miss the ogre.
The ogre is moderately wounded.
The ogre hits you with a +0 giant club!!
* * * LOW HITPOINT WARNING * * *
You hit the ogre.
The ogre is heavily wounded.
The ogre hits you with a +0 giant club.
* * * LOW HITPOINT WARNING * * *
You hit the ogre but do no damage.
The ogre is heavily wounded.
The ogre hits you with a +0 giant club!
You die...

....# .... >!. ...
#O# #.#
#.###################
#..O@................
#####################


You could see an ogre.

Vanquished Creatures
  A scorpion (D:4)
  The ghost of Deminshera the Skirmisher, a weakling DsFi (D:3)
  An orc wizard (D:2)
  4 adders
  A worm (D:2)
  3 dart slugs
  3 orcs
  9 bats
  5 endoplasms
  A giant cockroach (D:2)
  3 goblins
  10 hobgoblins
  3 jackals (D:1)
  5 quokkas
  6 ball pythons
  2 frilled lizards
  7 kobolds
  6 rats
71 creatures vanquished.

Vanquished Creatures (others)
  A plant (D:3)
1 creature vanquished.

Grand Total: 72 creatures vanquished

Notes
Turn   | Place    | Note
-------+----------+-------------------------------------------
     0 | D:1      | Cheeritup the Hill Orc Fighter began the quest for the Orb.
     0 | D:1      | Reached XP level 1. HP: 19/19 MP: 1/1
    76 | D:1      | Reached XP level 2. HP: 20/27 MP: 2/2
    77 | D:1      | Reached skill level 4 in Fighting
   493 | D:1      | Reached XP level 3. HP: 33/33 MP: 3/3
  1093 | D:2      | Reached XP level 4. HP: 25/41 MP: 4/4
  1129 | D:2      | Reached skill level 5 in Fighting
  1494 | D:2      | Found Moka's Jewellery Emporium.
  2604 | D:3      | Reached XP level 5. HP: 47/48 MP: 5/5
  2678 | D:3      | Found an iron altar of Okawaru.
  2690 | D:3      | Became a worshipper of Warmaster Okawaru
  2809 | D:3      | Found a shimmering altar of Xom.
  2928 | D:3      | Noticed Deminshera's ghost (weakling DsFi)
  2936 | D:3      | Found a runed translucent door.
  2957 | D:3      | Killed Deminshera's ghost
  3201 | D:3      | Found a sacrificial altar of Ru.
  3258 | D:4      | Reached skill level 6 in Fighting
  3258 | D:4      | Reached XP level 6. HP: 42/57 MP: 6/6
  3355 | D:4      | Slain by an ogre

Illustrated notes

Levels and vault maps discovered:
D:1:      scummos_arrival_simple_fountains, layout_loops_ring, serial_glass,
          glass_columns_b, glass_columns_c
D:2:      minmay_alternating_diamond, layout_basic, serial_shops,
          nicolae_square_shop, minmay_misc_feat_cross
D:3:      wad_lake_hut, layout_basic, lemuel_coloured_pillars_altar,
          mainiacjoe_overflow_cross_hatched, nicolae_ru_path_of_blood,
          hellmonk_ghost_happy_afterlife
D:4:      layout_basic, kennysheep_windowed_goal

Skill      XL: |  1  2  3  4  5 |
---------------+----------------+-----
Fighting       | 4 5 6 |  6.2
Axes           | 3 4 |  4.8
Shields        | 4 |  4.0
Armour         | |  3.8

Action                   |  1- 3 |  4- 6 || total
-------------------------+-------+-------++-------
Melee: War axe           |   104 |    78 ||   182
       Mace              |       |    41 ||    41
  Use: Scroll            |     3 |     5 ||     8
Armor: Scale mail        |    58 |    62 ||   120
Dodge: Dodged            |    55 |    47 ||   102
Block: Buckler           |    28 |    23 ||    51

Table legend: (Time is in decaauts)
 A = Elapsed time spent in this place.
 B = Non-inter-level travel time spent in this place.
 C = Inter-level travel time spent in this place.
 D = Time resting spent in this place.
 E = Time spent auto-exploring this place.
 F = Levels seen in this place.
 G = Mean time per level.
                   A        B        C        D        E       F      G
               +--------+--------+--------+--------+--------+-----+--------+
         Total |   3471 |   3405 |     66 |     85 |   2699 |   4 |  867.8 |
       Dungeon |   3471 |   3405 |     66 |     85 |   2699 |   4 |  867.8 |
               +--------+--------+--------+--------+--------+-----+--------+

Top non-repeatable levels by time:
     D:2: 1402 daAuts
     D:3: 1056 daAuts
     D:1: 876 daAuts
     D:4: 136 daAuts
